[ PARTIDA AOE2 · #495465532 ]
UnrankedPersas vs Romans
Equipo del jugador · VICT
Equipo rival · DERR
[ ANÁLISIS DE REPETICIÓN · EXTRAÍDO DE LA PARTIDA GRABADA ]
Feudal
17:08
Castillos
32:54
Imperial
—
| APM promedio | 57.2 |
| APM pico | 81 |
| eAPM promedio | 30.8 |
| Aldeanos / militares | 116 / 50 |
Foco
⚔️ 36.4% · 🌾 63.6%
Archer ×38 · Skirmisher ×9 · Cavalry Archer ×3
Feudal
9:23
Castillos
—
Imperial
—
| APM promedio | 54.4 |
| APM pico | 75 |
| eAPM promedio | 19.2 |
| Aldeanos / militares | 50 / 36 |
Foco
⚔️ 27.1% · 🌾 72.9%
Archer ×22 · Scout Cavalry ×12 · Skirmisher ×2
Mapa de la partida
Recursos iniciales + cada clic de construcción. Líneas = muros · curvas = relieve. ◆ oro · ⬟ piedra · ● bayas · ✦ reliquia · ◌ hueco del cierre
Tu base· Abierta — flanco sin cerrar
Base de [KYS] CaptainJesus· Abierta — hueco de 6t
Terreno inicial suavizado · ◌ = hueco del cierre detectado · pasá el cursor para detalles
Inputs por minuto
— El Comadreja - - [KYS] CaptainJesus
Build order — El Comadreja
Primeras 150 de 265 acciones detectadas
| 0:00 | Crear | Villager (Male) |
| 0:00 | Crear | Villager (Male) |
| 0:01 | Construir | House |
| 0:02 | Construir | House |
| 0:11 | Crear | Villager (Male) |
| 0:11 | Crear | Villager (Male) |
| 0:15 | Crear | Villager (Male) |
| 1:32 | Crear | Villager (Male) |
| 1:33 | Crear | Villager (Male) |
| 1:55 | Crear | Villager (Male) |
| 1:56 | Crear | Villager (Male) |
| 2:10 | Crear | Villager (Male) |
| 2:11 | Crear | Villager (Male) |
| 2:23 | Construir | Lumber Camp |
| 2:52 | Crear | Villager (Male) |
| 2:53 | Crear | Villager (Male) |
| 3:08 | Crear | Villager (Male) |
| 3:08 | Crear | Villager (Male) |
| 3:30 | Construir | House |
| 3:49 | Crear | Villager (Male) |
| 3:57 | Crear | Villager (Male) |
| 4:15 | Crear | Villager (Male) |
| 4:19 | Construir | Mill |
| 5:13 | Investigar | Loom |
| 5:17 | Crear | Villager (Male) |
| 5:39 | Crear | Villager (Male) |
| 5:40 | Crear | Villager (Male) |
| 5:40 | Crear | Villager (Male) |
| 5:52 | Construir | House |
| 6:37 | Construir | Town Center |
| 6:51 | Construir | Palisade Wall |
| 6:55 | Construir | House |
| 7:08 | Construir | Palisade Gate |
| 7:36 | Crear | Villager (Male) |
| 7:50 | Crear | Villager (Male) |
| 7:50 | Crear | Villager (Male) |
| 8:55 | Crear | Villager (Male) |
| 8:56 | Crear | Villager (Male) |
| 9:28 | Construir | House |
| 9:32 | Crear | Villager (Male) |
| 10:26 | Crear | Villager (Male) |
| 10:27 | Crear | Villager (Male) |
| 10:52 | Construir | House |
| 10:58 | Crear | Villager (Male) |
| 10:58 | Crear | Villager (Male) |
| 10:58 | Crear | Villager (Male) |
| 11:16 | Crear | Villager (Male) |
| 11:51 | Crear | Villager (Male) |
| 12:08 | Crear | Villager (Male) |
| 12:15 | Construir | House |
| 12:33 | Construir | Mill |
| 12:44 | Crear | Villager (Male) |
| 12:47 | Crear | Villager (Male) |
| 12:47 | Crear | Villager (Male) |
| 12:56 | Construir | Mining Camp |
| 13:14 | Crear | Villager (Male) |
| 13:20 | Crear | Villager (Male) |
| 13:30 | Crear | Villager (Male) |
| 13:30 | Crear | Villager (Male) |
| 13:39 | Construir | Mill |
| 13:45 | Crear | Villager (Male) |
| 14:01 | Crear | Villager (Male) |
| 14:05 | Crear | Villager (Male) |
| 14:26 | Construir | Barracks |
| 14:36 | Crear | Villager (Male) |
| 15:04 | Investigar | Feudal Age |
| 16:06 | Crear | Villager (Male) |
| 17:08 | Edad | Edad Feudal |
| 17:10 | Construir | Archery Range |
| 17:11 | Crear | Villager (Male) |
| 17:14 | Investigar | Double-Bit Axe |
| 17:14 | Investigar | Horse Collar |
| 17:14 | Investigar | Horse Collar |
| 17:15 | Crear | Villager (Male) |
| 17:21 | Crear | Villager (Male) |
| 17:32 | Crear | Skirmisher |
| 17:40 | Crear | Villager (Male) |
| 17:40 | Crear | Villager (Male) |
| 17:40 | Crear | Villager (Male) |
| 17:41 | Crear | Villager (Male) |
| 17:41 | Crear | Villager (Male) |
| 17:41 | Crear | Villager (Male) |
| 17:42 | Crear | Villager (Male) |
| 17:57 | Construir | Lumber Camp |
| 17:57 | Crear | Villager (Male) |
| 18:07 | Crear | Skirmisher |
| 18:22 | Construir | House |
| 18:46 | Crear | Villager (Male) |
| 18:51 | Crear | Skirmisher |
| 18:51 | Crear | Villager (Male) |
| 18:51 | Crear | Villager (Male) |
| 18:59 | Crear | Villager (Male) |
| 19:05 | Crear | Villager (Male) |
| 19:12 | Construir | Blacksmith |
| 19:12 | Crear | Villager (Male) |
| 19:14 | Crear | Villager (Male) |
| 19:14 | Crear | Villager (Male) |
| 19:14 | Crear | Villager (Male) |
| 19:16 | Construir | House |
| 19:17 | Crear | Villager (Male) |
| 19:17 | Crear | Villager (Male) |
| 19:24 | Crear | Villager (Male) |
| 19:24 | Crear | Villager (Male) |
| 19:33 | Crear | Skirmisher |
| 19:39 | Construir | Farm |
| 19:44 | Crear | Villager (Male) |
| 19:44 | Crear | Villager (Male) |
| 19:44 | Crear | Villager (Male) |
| 19:45 | Crear | Skirmisher |
| 19:45 | Crear | Skirmisher |
| 19:57 | Construir | House |
| 20:03 | Investigar | Fletching |
| 20:07 | Construir | Farm |
| 20:18 | Construir | House |
| 20:28 | Construir | House |
| 20:35 | Crear | Villager (Male) |
| 20:35 | Crear | Villager (Male) |
| 20:36 | Crear | Villager (Male) |
| 20:42 | Construir | House |
| 20:43 | Construir | Palisade Wall |
| 20:45 | Construir | Palisade Wall |
| 20:55 | Crear | Skirmisher |
| 20:56 | Crear | Villager (Male) |
| 20:56 | Crear | Villager (Male) |
| 20:58 | Crear | Villager (Male) |
| 20:58 | Crear | Villager (Male) |
| 21:03 | Construir | Farm |
| 21:23 | Crear | Archer |
| 21:34 | Crear | Skirmisher |
| 21:37 | Construir | Farm |
| 21:38 | Construir | Farm |
| 21:46 | Construir | Farm |
| 21:53 | Construir | Lumber Camp |
| 22:04 | Construir | Farm |
| 22:19 | Crear | Skirmisher |
| 22:21 | Construir | House |
| 22:25 | Crear | Villager (Male) |
| 22:38 | Crear | Archer |
| 22:40 | Crear | Archer |
| 22:51 | Crear | Archer |
| 23:03 | Construir | Market |
| 23:05 | Crear | Villager (Male) |
| 23:05 | Crear | Villager (Male) |
| 23:08 | Crear | Archer |
| 23:08 | Crear | Archer |
| 23:11 | Construir | House |
| 23:15 | Construir | Palisade Wall |
| 23:18 | Crear | Archer |
| 23:20 | Crear | Villager (Male) |
| 23:45 | Construir | Farm |
Build order — [KYS] CaptainJesus
Primeras 150 de 166 acciones detectadas
| 0:00 | Crear | Villager (Male) |
| 0:01 | Crear | Villager (Male) |
| 0:02 | Construir | House |
| 0:02 | Construir | House |
| 0:14 | Crear | Villager (Male) |
| 0:14 | Crear | Villager (Male) |
| 0:14 | Crear | Villager (Male) |
| 1:42 | Crear | Villager (Male) |
| 1:42 | Crear | Villager (Male) |
| 1:54 | Construir | Lumber Camp |
| 2:01 | Crear | Villager (Male) |
| 2:25 | Crear | Villager (Male) |
| 2:57 | Crear | Villager (Male) |
| 2:57 | Crear | Villager (Male) |
| 3:31 | Crear | Villager (Male) |
| 4:07 | Crear | Villager (Male) |
| 4:13 | Construir | House |
| 4:38 | Crear | Villager (Male) |
| 4:50 | Construir | Barracks |
| 4:59 | Crear | Villager (Male) |
| 5:29 | Crear | Villager (Male) |
| 5:32 | Construir | House |
| 5:55 | Crear | Villager (Male) |
| 6:09 | Crear | Villager (Male) |
| 6:10 | Investigar | Loom |
| 6:46 | Construir | House |
| 7:13 | Investigar | Feudal Age |
| 8:30 | Construir | Lumber Camp |
| 9:23 | Edad | Edad Feudal |
| 9:28 | Construir | Archery Range |
| 9:45 | Investigar | Double-Bit Axe |
| 9:47 | Crear | Villager (Male) |
| 10:16 | Crear | Archer |
| 10:46 | Construir | House |
| 10:58 | Construir | Mining Camp |
| 12:13 | Construir | Archery Range |
| 12:17 | Construir | House |
| 12:18 | Construir | House |
| 13:07 | Crear | Archer |
| 13:09 | Construir | Blacksmith |
| 13:12 | Crear | Archer |
| 13:44 | Investigar | Fletching |
| 13:46 | Crear | Archer |
| 14:25 | Construir | Town Center |
| 15:35 | Crear | Archer |
| 15:48 | Crear | Villager (Male) |
| 15:48 | Crear | Villager (Male) |
| 16:00 | Crear | Archer |
| 16:11 | Construir | Lumber Camp |
| 16:14 | Crear | Villager (Male) |
| 16:44 | Crear | Archer |
| 16:46 | Crear | Villager (Male) |
| 17:00 | Crear | Archer |
| 17:06 | Crear | Archer |
| 17:28 | Crear | Archer |
| 17:29 | Crear | Villager (Male) |
| 17:39 | Construir | Stable |
| 17:46 | Crear | Archer |
| 18:06 | Investigar | Padded Archer Armor |
| 18:07 | Crear | Villager (Male) |
| 18:45 | Crear | Archer |
| 18:54 | Construir | Mill |
| 19:16 | Crear | Archer |
| 19:17 | Crear | Skirmisher |
| 19:40 | Crear | Villager (Male) |
| 19:48 | Construir | Farm |
| 19:48 | Construir | Farm |
| 19:48 | Construir | Farm |
| 19:49 | Construir | Farm |
| 19:49 | Construir | Farm |
| 19:49 | Construir | Farm |
| 19:54 | Crear | Archer |
| 20:00 | Crear | Villager (Male) |
| 20:15 | Crear | Archer |
| 20:30 | Construir | Farm |
| 20:31 | Construir | Farm |
| 20:31 | Construir | Farm |
| 20:31 | Construir | Farm |
| 20:31 | Construir | Farm |
| 20:53 | Crear | Skirmisher |
| 20:54 | Crear | Villager (Male) |
| 20:59 | Construir | Farm |
| 21:01 | Construir | Farm |
| 21:01 | Construir | Farm |
| 21:01 | Construir | Farm |
| 21:22 | Crear | Scout Cavalry |
| 21:39 | Construir | House |
| 21:39 | Construir | House |
| 21:40 | Construir | House |
| 21:55 | Crear | Villager (Male) |
| 22:00 | Construir | Lumber Camp |
| 22:07 | Crear | Villager (Male) |
| 22:15 | Construir | Lumber Camp |
| 22:27 | Crear | Scout Cavalry |
| 22:31 | Construir | Farm |
| 22:33 | Construir | Farm |
| 22:33 | Construir | Farm |
| 22:33 | Construir | Farm |
| 22:39 | Crear | Villager (Male) |
| 22:57 | Crear | Archer |
| 22:58 | Crear | Villager (Male) |
| 23:14 | Crear | Archer |
| 23:16 | Crear | Scout Cavalry |
| 23:54 | Crear | Scout Cavalry |
| 23:55 | Crear | Villager (Male) |
| 24:13 | Crear | Archer |
| 24:14 | Crear | Villager (Male) |
| 24:20 | Construir | Mill |
| 24:20 | Construir | Farm |
| 24:21 | Construir | Farm |
| 24:21 | Construir | Farm |
| 24:21 | Construir | Farm |
| 24:21 | Construir | Farm |
| 24:22 | Construir | Farm |
| 24:37 | Investigar | Scale Barding Armor |
| 24:44 | Construir | Mining Camp |
| 24:54 | Crear | Archer |
| 24:55 | Crear | Villager (Male) |
| 25:24 | Crear | Villager (Male) |
| 25:35 | Crear | Villager (Male) |
| 25:37 | Construir | Farm |
| 25:38 | Construir | Farm |
| 25:38 | Construir | Farm |
| 25:50 | Crear | Archer |
| 26:01 | Construir | Market |
| 26:15 | Crear | Villager (Male) |
| 26:28 | Crear | Villager (Male) |
| 26:31 | Construir | House |
| 26:32 | Construir | House |
| 26:51 | Crear | Villager (Male) |
| 27:10 | Construir | Mining Camp |
| 27:25 | Crear | Scout Cavalry |
| 27:27 | Crear | Villager (Male) |
| 27:29 | Investigar | Forging |
| 27:40 | Construir | Stable |
| 27:48 | Crear | Scout Cavalry |
| 27:58 | Crear | Scout Cavalry |
| 28:00 | Crear | Villager (Male) |
| 28:23 | Construir | Watch Tower |
| 28:48 | Crear | Scout Cavalry |
| 28:49 | Crear | Villager (Male) |
| 28:53 | Crear | Archer |
| 29:21 | Crear | Villager (Male) |
| 29:26 | Crear | Archer |
| 29:28 | Crear | Villager (Male) |
| 30:06 | Crear | Villager (Male) |
| 30:11 | Construir | Farm |
| 30:14 | Construir | Farm |
| 30:14 | Construir | Farm |
| 30:14 | Construir | Farm |
Cronología de la partida
| 4:50 | [KYS] CaptainJesus · first_building Barracks |
| 6:51 | El Comadreja · wall_segment Palisade Wall x1 |
| 9:23 | [KYS] CaptainJesus · age_up feudal |
| 9:28 | [KYS] CaptainJesus · first_building Archery Range |
| 14:26 | El Comadreja · first_building Barracks |
| 17:08 | El Comadreja · age_up feudal |
| 17:10 | El Comadreja · first_building Archery Range |
| 17:39 | [KYS] CaptainJesus · first_building Stable |
| 20:43 | El Comadreja · wall_segment Palisade Wall x4 |
| 20:45 | El Comadreja · wall_segment Palisade Wall x7 |
| 23:15 | El Comadreja · wall_segment Palisade Wall x4 |
| 23:59 | El Comadreja · first_market_buy 100 stone |
| 30:24 | El Comadreja · first_market_sell 100 wood |
| 30:54 | El Comadreja · wall_segment Palisade Wall x10 |
| 31:22 | [KYS] CaptainJesus · first_market_buy 100 food |
| 31:42 | [KYS] CaptainJesus · first_market_sell 100 wood |
| 31:49 | El Comadreja · wall_segment Stone Wall x8 |
| 31:51 | El Comadreja · wall_segment Stone Wall x4 |
| 32:54 | El Comadreja · age_up castle |
| 33:48 | [KYS] CaptainJesus · resign |
[ ANÁLISIS IA · 1 CRÉDITO ]
¿Qué pasó realmente en esta partida?
Wolo.gg analiza cada decisión: build order, eco, micro, errores típicos por bracket. Análisis personalizado por WhatsApp o Discord en 30 segundos.
Guía civ
Persas
Perfil
El Comadreja